 Dungeon Crawl Stone Soup version 0.30-a0-777-ga9a30cbeda (webtiles) character file.

Game seed: 2994639240661981256

65234 retardedninja the Tortoise (level 15, -4/95 (97) HPs)
             Began as a Gargoyle Fighter on Feb 14, 2023.
             Was an Initiate of Gozag.
             Killed from afar by an orc sorcerer (9 damage)
             ... with a bolt of negative energy
             ... while paralysed by an orc sorcerer
             ... on level 1 of the Orcish Mines.
             The game lasted 00:47:03 (28417 turns).

retardedninja the Tortoise (Gargoyle Fighter)      Turns: 28417, Time: 00:47:03

HP:   -4/95 (97)    AC: 36    Str: 31    XL:     15   Next: 15%
MP:   15/15         EV:  2    Int:  6    God:    Gozag
Gold: 3957          SH:  0    Dex: 15    Spells: 14/14 levels left

rFire   + + .      SeeInvis .    A - +9 lance "Wyrmbane" {slay drac, rPois rF+ rC+ AC+3}
rCold   + . .      Faith    .    B - +0 kite shield
rNeg    + . .      Spirit   .    J - +0 plate armour
rPois   ∞          Reflect  .    z - +2 helmet
rElec   +          Harm     .    (no cloak)
rCorr   .          Rampage  .    x - +0 pair of gloves
Will    +....                    (no boots) Stlth
                                 p - amulet of regeneration
HPRegen 1.15/turn                E - +6 ring of strength
MPRegen 0.14/turn                c - ring of Ahualut {rF+ Int-5 Dex+6 Slay+2}

@: paralysed, mighty, flying, studying 2 skills, lightly drained
A: sickness immunity, AC +11, big wings, negative energy resistance 1,
electricity resistance, torment resistance 1, petrification resistance
a: Renounce Religion, Potion Petition, Call Merchant, Bribe Branch


You were on level 1 of the Orcish Mines.
You worshipped Gozag.
Gozag was most pleased with you.
You visited 4 branches of the dungeon, and saw 21 of its levels.
You also visited: Bailey.

You collected 7932 gold pieces.
You spent 1160 gold pieces at shops.
You paid 2815 gold pieces to Gozag.

Inventory:

Hand Weapons
 A - the +9 lance "Wyrmbane" (weapon) {slay drac, rPois rF+ rC+ AC+3}
   (You bought it in a shop on level 7 of the Dungeon)

   AC:        It affects your AC (+3).
   rF:        It protects you from fire.
   rC:        It protects you from cold.
   rPois:     It protects you from poison.
Missiles
 n - 7 boomerangs (quivered)
 s - 2 curare-tipped darts
 v - 2 javelins
Armour
 x - a +0 pair of gloves (worn)
 z - a +2 helmet (worn)
 B - a +0 kite shield (worn)
 J - a +0 plate armour (worn)
Jewellery
 c - the ring of Ahualut (right hand) {rF+ Int-5 Dex+6 Slay+2}
   (You acquired it on level 4 of the Lair of Beasts)

   [ring of dexterity]

   Int:       It affects your intelligence (-5).
   Dex:       It affects your dexterity (+6).
   Slay:      It affects your accuracy & damage with ranged weapons and melee
   (+2).
   rF:        It protects you from fire.
 i - the dreamshard necklace {*Dream Drain}
   (You found it on level 5 of the Lair of Beasts)

   [amulet of nothing]

   *Dream:    It shatters if its wearer takes lethal or near-lethal damage,
   preventing the blow and releasing protective dreams that heal and fight for
   the wearer.
   Drain:     It drains your maximum health when unequipped.
 p - an amulet of regeneration (around neck)
 E - a +6 ring of strength (left hand)
 I - an amulet of magic regeneration
Wands
 d - a wand of acid (16)
 g - a wand of mindburst (15)
 D - a wand of iceblast (9)
 G - a wand of polymorph (2)
Scrolls
 e - 2 scrolls of identify
 h - 2 scrolls of amnesia
 j - 3 scrolls of teleportation
 k - 2 scrolls of poison
 o - a scroll of vulnerability
 r - a scroll of immolation
 y - a scroll of torment
Potions
 a - a potion of ambrosia
 b - 6 potions of brilliance
 f - 4 potions of mutation
 l - a potion of magic
 m - 2 potions of might
 q - 3 potions of lignification
 u - a potion of resistance
 w - 7 potions of flight
 C - 2 potions of attraction
 F - a potion of heal wounds
Miscellaneous
 H - a piece from Xom's chessboard (15/15)


   Skills:
 + Level 12.5 Fighting
 - Level 7.9 Maces & Flails
 * Level 13.0 Polearms
 - Level 3.9 Throwing
 + Level 15.4 Armour
 + Level 10.4 Stealth
 + Level 15.3 Shields


You had 14 spell levels left.
You didn't know any spells.
Your spell library contained the following spells:

 Spells                   Type           Power      Damage    Failure   Level
 Sandblast                Erth           0%         2d4       99%         1
 Blink                    Tloc           0%         N/A       100%        2
 Lesser Beckoning         Tloc           0%         N/A       100%        2
 Momentum Strike          Conj/Tloc      0%         3d8       100%        2
 Passwall                 Tmut/Erth      0%         N/A       100%        2
 Wereblood                Tmut           0%         N/A       100%        2
 Dazzling Flash           Conj/Hex       0%         N/A       100%        3
 Frozen Ramparts          Ice            0%         1d1       100%        3
 Gell's Gravitas          Tloc           0%         N/A       100%        3
 Ignite Poison            Fire/Tmut/Pois 0%         N/A       100%        3
 Inner Flame              Hex/Fire       0%         N/A       100%        3
 Kindle Blastsparks       Fire/Tloc/Air  0%         2d10      100%        3
 Stone Arrow              Conj/Erth      0%         3d7       100%        3
 Teleport Other           Tloc           0%         N/A       100%        3
 Cause Fear               Hex            0%         N/A       100%        4
 Ice Form                 Ice/Tmut       0%         N/A       100%        4
 Iskenderun's Mystic Bla  Conj/Tloc      0%         2d3       100%        4
 Summon Ice Beast         Ice/Summ       0%         N/A       100%        4
 Freezing Cloud           Conj/Ice/Air   0%         6-21      100%        5
 Summon Mana Viper        Hex/Summ       0%         N/A       100%        5
 Yara's Violent Unravell  Hex/Tmut       0%         3d3       100%        5
 Dispersal                Tloc           0%         N/A       100%        6
 Starburst                Conj/Fire      0%         6d3       100%        6
 Enfeeble                 Hex            0%         N/A       100%        7
 Malign Gateway           Summ/Tloc      0%         N/A       100%        7
 Monstrous Menagerie      Summ           0%         N/A       100%        7
 Summon Hydra             Summ           0%         N/A       100%        7
 Discord                  Hex            0%         N/A       100%        8
 Summon Horrible Things   Summ           0%         N/A       100%        8
 Sublimation of Blood     Necr           Unusable   N/A       N/A         2

Dungeon Overview and Level Annotations

Branches:
Dungeon (13/15)            Temple (1/1) D:7            Lair (5/5) D:9
 Shoals (0/4) Lair:3       Spider (0/4) Lair:3        Slime (0/5) Lair:5
    Orc (2/2) D:12         Bailey (visited)
    Elf: Orc:2       Vaults: D:13-14

Altars:
Ashenzari
Cheibriados
Dithmenos
Elyvilon
Fedhas
Gozag
Hepliaklqana
Kikubaaqudgha
Makhleb
Nemelex Xobeh
Okawaru
Qazlal
Ru
Sif Muna
Trog
Uskayaw
Vehumet
Wu Jian
Xom
Yredelemnul
Zin
The Shining One
Jiyva

Shops:
D:1 (   D:7 *   Orc:1 ?

Portals:
Trove: D:12 (give 8 scrolls of fear)


Innate Abilities, Weirdness & Mutations

You are immune to sickness and miasma.
Your stone body is resilient. (AC +11)
You are immune to poison.
Your large and strong wings let you fly.
You resist negative energy. (rN+)
You are resistant to electric shocks. (rElec)
You are resistant to unholy torment.
You are immune to petrification.


Message History

The orc high priest suddenly curses.
The orc knight hits you with a +1 heavy great mace!!
There is a stone staircase leading up here.
The orc warrior hits you from afar with a +0 halberd of flaming!
The orc high priest calls down the wrath of Beogh upon you.
Beogh smites you!
The orc sorcerer hits you but does no damage.
You block the orc knight's attack.
You fly upwards.
There is a stone staircase leading down here.
You feel very mighty all of a sudden.
The ogre is no longer distracted by gold.
You block the ogre's attack. The orc sorcerer closely misses you.
You puncture the orc knight!
The orc knight is moderately wounded.
The orc knight hits you with a +1 heavy great mace!
You block the orc sorcerer's attack.
You puncture the orc knight!
The orc knight is moderately wounded.
You block the ogre's attack.
You puncture the orc knight!
The orc knight is heavily wounded.
The orc sorcerer barely misses you. The orc knight closely misses you.
You puncture the orc knight!
The orc knight is severely wounded.
You block the ogre's attack.
The orc sorcerer gestures at you while chanting.
You suddenly lose the ability to move!
The orc knight hits you with a +1 heavy great mace!!!
* * * LOW HITPOINT WARNING * * *
The orc sorcerer hits you with a +0 dagger.
* * * LOW HITPOINT WARNING * * *
The ogre hits you with a +0 giant club.
* * * LOW HITPOINT WARNING * * *
The orc sorcerer hits you but does no damage.
The orc knight hits you but does no damage.
The orc sorcerer gestures at you while chanting.
The bolt of negative energy hits you! You partially resist.
You feel drained.
You die...
Your body crumbles into a pile of gold.

#.....###.......#
##....####..#####
#......#.....# ####
##.....#....#####..##
##........## #.#...#
##......#####....###
#.......##.#......#
###o......###...#..##
###..[@O.....#....#....
##.#..[o###........#....
#.......###......######.
#####......###......##.#..
#.###.....##....#...#....#
####.####.........###.......
##.#..## #<.......## #......#
#......#####......## #.#...##
###........####......######.##


You could see an orc knight (strong), an orc sorcerer (strong) and an ogre.

Vanquished Creatures
  Jorgrun (D:12)
  A slime creature (D:13)
  Fannar (D:11)
  Josephine (D:11)
  2 hydras
  A vault guard (D:12)
  An ice dragon (Lair:4)
  A centaur warrior (D:13)
  3 two-headed ogres
  6 death yaks
  Sonja (D:10)
  2 goliath frogs (Lair:5)
  2 skysharks
  Lodul (D:10)
  3 orc knights
  4 manticores
  A salamander (shapeshifter) (D:13)
  A wolf spider (Lair:3)
  An ugly thing (D:12)
  17 elephants
  A cyclops (D:13)
  4 black mambas
  A torpor snail (Lair:5)
  2 gargoyles (D:11)
  3 rime drakes
  20 cane toads
  2 kobold demonologists (D:11)
  10 komodo dragons
  2 ice devils (Lair:4)
  4 trolls
  5 polar bears (Lair:4)
  14 blink frogs
  4 dream sheep (Lair:5)
  2 tyrant leeches (Lair:5)
  8 wyverns
  5 vampires
  3 shadows
  4 basilisks
  49 yaks
  A dire elephant simulacrum (Lair:4)
  6 wraiths
  2 steam dragons
  10 vampire mosquitoes
  Menkaure (D:5)
  12 water moccasins
  22 orc warriors
  A sky beast (D:7)
  A black bear (D:6)
  7 ogres
  7 wolves (Lair:4)
  10 centaurs
  4 phantoms
  6 kobold brigands
  4 necrophages
  A two-headed ogre simulacrum (Lair:4)
  15 bullfrogs
  A gnoll sergeant (D:9)
  15 wights (D:8)
  3 killer bees (D:9)
  An elephant simulacrum (Lair:4)
  7 electric eels
  4 howler monkeys
  2 jellies
  3 hounds
  11 orc priests
  A gnoll bouda (Temple)
  19 orc wizards
  4 iguanas
  A spriggan simulacrum (Lair:4)
  A troll simulacrum (Lair:4)
  8 ogre zombies (D:12)
  6 gnolls
  5 adders
  2 shadow imps
  15 white imps
  2 worms (D:3)
  5 dart slugs
  58 orcs
  4 endoplasms
  4 giant cockroaches
  5 goblins
  8 hobgoblins
  4 jackals (D:1)
  3 quokkas
  8 ball pythons
  5 bats
  5 frilled lizards
  5 goblin zombies (D:12)
  2 hobgoblin skeletons (D:12)
  2 hobgoblin zombies (D:12)
  28 kobolds
  5 orc skeletons (D:12)
  11 orc zombies (D:12)
  6 rats
583 creatures vanquished.

Vanquished Creatures (others)
  An orc wizard (D:7)
  2 orcs
  A ball python (D:2)
  A kobold (D:2)
  2 bushes (Lair:5)
  35 fungi
  128 plants
170 creatures vanquished.

Grand Total: 753 creatures vanquished

Notes
Turn   | Place    | Note
-------+----------+-------------------------------------------
     0 | D:1      | retardedninja the Gargoyle Fighter began the quest for the
                  | Orb.
     0 | D:1      | Reached XP level 1. HP: 14/14 MP: 1/1
    31 | D:1      | Found Beyxziz's Antique Weapon Boutique.
    87 | D:1      | Reached XP level 2. HP: 19/19 MP: 2/2
   281 | D:1      | Reached XP level 3. HP: 23/23 MP: 3/3
   733 | D:2      | Reached skill level 1 in Throwing
   815 | D:2      | Reached XP level 4. HP: 29/29 MP: 4/4
   875 | D:2      | Found a faded altar of an unknown god.
  1577 | D:3      | Found an opulent altar of Gozag.
  1645 | D:3      | Became a worshipper of Gozag Ym Sagoz the Greedy
  1781 | D:3      | Reached XP level 5. HP: 31/33 MP: 5/5
  1844 | D:3      | Found a shimmering altar of Xom.
  1926 | D:3      | Found a bloodstained altar of Trog.
  2220 | D:4      | Found a hazy altar of Hepliaklqana.
  2599 | D:4      | Reached XP level 6. HP: 32/38 MP: 6/6
  3359 | D:5      | Entered Level 5 of the Dungeon
  3372 | D:5      | Reached XP level 7. HP: 41/44 MP: 7/7
  3534 | D:5      | Noticed Menkaure
  3551 | D:5      | Killed Menkaure
  3552 | D:5      | Reached skill level 5 in Maces & Flails
  3759 | D:5      | Reached skill level 5 in Fighting
  3853 | D:5      | Reached skill level 5 in Armour
  4057 | D:1      | Bought a glowing flail for 110 gold pieces
  4315 | D:6      | Reached skill level 5 in Shields
  4527 | D:6      | Reached XP level 8. HP: 40/49 MP: 8/8
  5026 | D:6      | Found a shimmering blue altar of Sif Muna.
  5735 | D:7      | Found a staircase to the Ecumenical Temple.
  5766 | Temple   | Entered the Ecumenical Temple
  5896 | D:7      | Reached XP level 9. HP: 45/55 MP: 9/9
  6106 | D:7      | Reached skill level 1 in Stealth
  6553 | D:7      | Found Dste's Desiderata Depot.
  6972 | D:8      | Reached skill level 1 in Polearms
  7730 | D:8      | Reached XP level 10. HP: 59/63 MP: 10/10
  8412 | D:7      | Bought the +8 lance "Wyrmbane" {slay drac, rPois rF+ rC+
                  | AC+3} for 1050 gold pieces
  8412 | D:7      | Found the +8 lance "Wyrmbane" {slay drac, rPois rF+ rC+
                  | AC+3}
  8694 | D:8      | Found a broken altar of Ashenzari.
  8709 | D:9      | Found a staircase to the Lair.
  8961 | D:9      | Found a flagged portal.
  8973 | D:9      | Reached skill level 5 in Polearms
  8978 | Bailey   | Entered a bailey
  9602 | Bailey   | Noticed an orc knight
  9609 | Bailey   | Killed an orc knight
  9610 | Bailey   | Reached XP level 11. HP: 69/69 MP: 11/11
  9870 | D:9      | Found an ornate altar of the Wu Jian Council.
 10086 | D:9      | Identified the +0 broad axe of Honour {flame, Int+2}
 10462 | D:9      | Found a sparkling altar of Nemelex Xobeh.
 10761 | D:10     | Entered Level 10 of the Dungeon
 11383 | D:10     | Noticed Sonja
 11401 | D:10     | Killed Sonja
 11532 | D:10     | Found a blossoming altar of Fedhas.
 11548 | D:10     | Noticed Lodul
 11655 | Lair:1   | Entered Level 1 of the Lair of Beasts
 12545 | Lair:1   | Reached skill level 10 in Armour
 12545 | Lair:1   | Reached skill level 10 in Shields
 12775 | Lair:1   | Reached XP level 12. HP: 64/76 MP: 12/12
 13292 | Lair:2   | Reached skill level 5 in Stealth
 13760 | Lair:2   | You fall into a shaft and drop 2 floors!
 13761 | Lair:4   | Identified a scroll of acquirement
 13761 | Lair:4   | Acquired the ring of Ahualut {rF+ Int-5 Dex+6 Slay+2}
 14101 | Lair:3   | Found a frozen archway.
 14513 | Lair:2   | Reached skill level 10 in Fighting
 15337 | Lair:3   | Found a staircase to the Shoals.
 15367 | Lair:3   | Found a hole to the Spider Nest.
 16723 | Lair:4   | Noticed an ice dragon
 16737 | Lair:4   | Killed an ice dragon
 17103 | Lair:4   | Noticed a death yak
 17137 | Lair:4   | Killed a death yak
 17138 | Lair:4   | Reached XP level 13. HP: 48/83 MP: 13/13
 17626 | Lair:4   | Reached skill level 10 in Polearms
 17827 | Lair:4   | Acquired 981 gold pieces
 18213 | Lair:5   | Entered Level 5 of the Lair of Beasts
 19726 | Lair:5   | HP: 3/84 [acid (9)]
 21602 | Lair:4   | Gained mutation: Your large and strong wings let you fly.
                  | [Gargoyle growth]
 21602 | Lair:4   | Reached XP level 14. HP: 54/90 MP: 14/14
 23060 | Lair:5   | Found a staircase to the Slime Pits.
 23060 | Lair:5   | Found a viscous altar of Jiyva.
 23334 | Lair:5   | Found the dreamshard necklace {*Dream Drain}
 23375 | Lair:5   | Identified the +3 scale mail of Wiolo {rN+}
 24486 | D:10     | Killed Lodul
 24555 | D:10     | Found a burning altar of Makhleb.
 24795 | D:11     | Noticed Fannar
 24819 | D:11     | Killed Fannar
 24945 | D:11     | You are sucked into a shaft and drop 2 floors!
 25203 | D:12     | Noticed Jorgrun
 25231 | D:12     | Killed Jorgrun
 25602 | D:12     | Found a staircase to the Orcish Mines.
 26100 | D:12     | Found a portal to a secret trove of treasure.
 26191 | D:11     | Reached skill level 10 in Stealth
 26352 | D:11     | Reached skill level 15 in Armour
 26416 | D:11     | Noticed Josephine
 26440 | D:11     | Killed Josephine
 26446 | D:11     | Reached skill level 15 in Shields
 26794 | D:13     | Reached XP level 15. HP: 37/97 MP: 15/15
 27035 | D:13     | Identified the +0 war axe of the Radish {heavy, Fly Will+
                  | Str+4 Dex-3}
 27231 | Orc:1    | Entered Level 1 of the Orcish Mines
 27355 | Orc:1    | Found Uliwym's Magic Scroll Boutique.
 27616 | Orc:2    | Entered Level 2 of the Orcish Mines
 28414 | Orc:1    | Paralysed by an orc sorcerer for 4 turns
 28416 | Orc:1    | HP: 4/97 [ogre/+0 giant club (5)]
 28417 | Orc:1    | Killed from afar by an orc sorcerer

Illustrated notes

Levels and vault maps discovered:
D:1:      erik_arrival_blinker_ship, layout_loops_ring, serial_shops, shop,
          minmay_distorted
D:2:      layout_loops_cross, dreamdust_ecumenical_altar_statues,
          lemuel_flame_loot_1
D:3:      layout_loops_ring, mainiacjoe_overflow_brackets,
          amcnicky_altar_gilded, mainiacjoe_overflow_concentric_impassable,
          serial_park_tiny_pond
D:4:      layout_gridville, overflow_temple_1_default, serial_forest,
          infiniplex_forest_straight_3, infiniplex_forest_clump_small,
          infiniplex_forest_clump_medium, infiniplex_forest_diagonal,
          infiniplex_forest_lined_room_2, infiniplex_forest_lined_1,
          infiniplex_forest_clump_medium, infiniplex_forest_lined_room_,
          minmay_misc_feat_room, cheibrodos_gnoll_hut
D:5:      layout_basic, uniq_menkaure
D:6:      layout_gridville, lemuel_blue_sif_altar
D:7:      layout_basic, minmay_temple_entry_statues_pillars, serial_bayou,
          serial_bayou_ford_a, serial_bayou_pond_b, serial_bayou_pond_e,
          serial_bayou_lagoon_a, nicolae_alphabet_shops
D:8:      layout_basic, kennysheep_mini_moat, serial_co_window_serial,
          co_window_corner_a, co_window_paths_a, co_window_paths_b,
          co_window_corner_a, co_window_paths_a, co_window_unsneaky_path_a,
          co_window_2corner, co_window_broadway_b, co_window_4corner_a,
          glass_columns_a, glass_columns_c
D:9:      layout_loops_ring, mainiacjoe_overflow_alcove_2,
          nemelex_diamond_rough_becter, david_lair_shrubbed, enter_bailey_8
D:10:     layout_loops_ring, lemuel_crystal_altar,
          mainiacjoe_overflow_six_doors_small, uniq_sonja, uniq_lodul
D:11:     layout_cave_pools, uniq_josephine, uniq_fannar
D:12:     layout_rooms, zombieorc2_lemuel, enter_trove_5, uniq_jorgrun
D:13:     layout_basic
Temple:   nicolae_temple_hex_pool
Lair:1:   layout_gridlike
Lair:2:   layout_gridlike
Lair:3:   layout_regular_city, elwin_shoals_entry_rocks,
          spider_nest_entry_rubble, portal_ice_cave_entry_imps
Lair:4:   dreamdust_isle_of_ice, layout_gridlike
Lair:5:   minmay_lair_end_frog_pond, layout_regular_city, slime_entry_1,
          serial_bayou_shore_b
Orc:1:    layout_diamond_mine, ebering_ghost_rock_garden, serial_shops, shop
Orc:2:    grunt_orc_gardens, layout_caves, grunt_orc_garden, grunt_orc_garden,
          grunt_orc_garden, grunt_orc_garden

Skill      XL: |  1  2  3  4  5  6  7  8  9 10 11 12 13 14 15 |
---------------+----------------------------------------------+-----
Throwing       | 1 2 3 |  3.9
Maces & Flails | 3 4 5 6 7 |  7.9
Fighting       | 4 5 7 8 9 10 11 12 | 12.5
Armour         | 4 5 6 8 10 12 13 15 | 15.4
Shields        | 4 5 7 8 10 11 13 15 | 15.3
Stealth        | 1 4 6 8 10 | 10.4
Polearms       | 3 6 8 9 11 12 13 | 13.0

Action                     |  1- 3 |  4- 6 |  7- 9 | 10-12 | 13-15 || total
---------------------------+-------+-------+-------+-------+-------++-------
  Melee: Flail             |    73 |   202 |   302 |    35 |       ||   612
         Lance             |       |       |       |   871 |  1252 ||  2123
  Throw: Dart              |    24 |       |       |     9 |       ||    33
         Boomerang         |       |       |    27 |    75 |       ||   102
 Invoke: Potion Petition   |       |       |       |     1 |     4 ||     5
  Evoke: Wand              |       |       |       |       |     4 ||     4
    Use: Potion            |       |     3 |     4 |     8 |     8 ||    23
         Scroll            |       |     7 |     8 |    14 |     7 ||    36
   Stab: Distracted        |       |       |     1 |     2 |     7 ||    10
         Invisible         |       |       |     1 |       |    11 ||    12
 Armour: Scale mail        |    71 |   119 |   203 |       |       ||   393
         Chain mail        |       |       |    92 |   528 |   689 ||  1309
         Plate armour      |       |       |       |       |   124 ||   124
  Dodge: Dodged            |    73 |    83 |   164 |   255 |   354 ||   929
  Block: Buckler           |    30 |    42 |    77 |    77 |       ||   226
         Kite shield       |       |       |       |   290 |   795 ||  1085

Table legend: (Time is in decaauts)
 A = Elapsed time spent in this place.
 B = Non-inter-level travel time spent in this place.
 C = Inter-level travel time spent in this place.
 D = Time resting spent in this place.
 E = Time spent auto-exploring this place.
 F = Levels seen in this place.
 G = Mean time per level.
                   A        B        C        D        E       F      G
               +--------+--------+--------+--------+--------+-----+--------+
         Total |  28158 |  26425 |   1733 |   9220 |  11559 |  22 | 1279.9 |
       Dungeon |  13982 |  12700 |   1282 |   2477 |   7306 |  13 | 1075.5 |
        Temple |    123 |    113 |     10 |     17 |     50 |   1 |  123.0 |
          Lair |  12080 |  11651 |    429 |   5812 |   3646 |   5 | 2416.0 |
  Orcish Mines |   1127 |   1117 |     10 |    719 |    195 |   2 |  563.5 |
        Bailey |    844 |    844 |      0 |    194 |    362 |   1 |  844.0 |
               +--------+--------+--------+--------+--------+-----+--------+

Top non-repeatable levels by time:
  Lair:4: 5893 daAuts
  Lair:5: 2045 daAuts
     D:8: 2020 daAuts
  Lair:1: 1658 daAuts
     D:7: 1594 daAuts
  Lair:2: 1411 daAuts
     D:9: 1310 daAuts
     D:4: 1284 daAuts
    D:10: 1171 daAuts
    D:12: 1081 daAuts
     D:6: 1079 daAuts
  Lair:3: 1071 daAuts
   Orc:1: 1039 daAuts
     D:2: 959 daAuts
  Bailey: 844 daAuts
